 Dungeon Crawl Stone Soup version 0.28.0-47-ge53b351184 (webtiles) character file.

Game seed: 10573153828169915149

156 Icepheonix32 the Chiller (level 5, -4/38 HPs)
             Began as a Demonspawn Ice Elementalist on May 4, 2022.
             Slain by a phantom (7 damage)
             ... on level 4 of the Dungeon.
             The game lasted 00:05:19 (2968 turns).

Icepheonix32 the Chiller (DsIE)                     Turns: 2968, Time: 00:05:19

Health: -4/38      AC:  3    Str:  8    XL:     5   Next: 15%
Magic:  1/9        EV: 12    Int: 19    God:
Gold:   127        SH:  0    Dex: 13    Spells: 3/10 levels left

rFire   . . .      SeeInvis .   j - +0 dagger
rCold   . . .      Faith    .   (no shield)
rNeg    . . .      Spirit   .   a - +0 robe
rPois   .          Reflect  .   (helmet restricted)
rElec   .          Harm     .   c - +0 cloak
rCorr   .          Rampage  .   (no gloves)
Will    .....                   (no boots)
Stlth   ++........              (no amulet)
HPRegen 0.12/turn               (no ring)
MPRegen 0.11/turn               (no ring)

@: no status effects
A: antennae 2, robust 1, MP-powered wands
a: no special abilities


You were on level 4 of the Dungeon.
You visited 1 branch of the dungeon, and saw 4 of its levels.

You collected 127 gold pieces.

Inventory:

Hand Weapons
 f - a +0 shortbow
 j - a +0 dagger (weapon)
Missiles
 d - 2 throwing nets
 m - 19 arrows
Armour
 a - a +0 robe (worn)
 c - a +0 cloak (worn)
Jewellery
 b - a ring of fire
Scrolls
 g - 2 scrolls of teleportation {unknown}
 i - a scroll of immolation


   Skills:
 + Level 1.7 Dodging
 + Level 2.0 Stealth
 - Level 3.0 Spellcasting
 * Level 5.3 Ice Magic


You had 3 spell levels left.
You knew the following spells:

 Your Spells              Type           Power      Damage    Failure   Level
a - Freeze                Ice            92%        1d10      1%          1
b - Ozocubu's Armour      Ice            23%        N/A       4%          3
c - Frozen Ramparts       Ice            46%        1d6       4%          3

Your spell library contained the following spells:

 Spells                   Type           Power      Damage    Failure   Level
 Animate Skeleton         Necr           4%         N/A       16%         1
 Pain                     Necr           8%         1d4       16%         1
 Sting                    Tmut/Pois      8%         1d3       16%         1
 Vampiric Draining        Necr           2%         2d6       41%         3
 Hailstorm                Conj/Ice       13%        3d5       45%         4


Dungeon Overview and Level Annotations

Branches:
Dungeon (4/15)
 Temple: D:4-7

Altars:
Nemelex Xobeh

Shops:
D:2 *(


Innate Abilities, Weirdness & Mutations

You have a pair of antennae on your head.
You are robust. (+10% HP)
You expend magic power (3 MP) to strengthen your wands.


Message History

You closely miss the phantom.
The phantom is severely damaged.
The phantom closely misses you.
You hit the phantom but do no damage.
The phantom is severely damaged.
The phantom hits you.
The phantom blinks!
You blink.
As you read the scroll labelled YSMERA HIOR, it crumbles to dust.
It is a scroll of identify.
i - a scroll of immolation The phantom barely misses you.
You closely miss the phantom.
The phantom is severely damaged.
The phantom barely misses you.
Casting: Freeze (safe; 1% risk of failure)
Confirm with . or Enter, or press ? or * to list all spells.
Aiming: Freeze (safe; 1% risk of failure)
Press: ? - help, Shift-Dir - straight line, f/p - phantom
Aim: a phantom (severely damaged)
You freeze the phantom.
The phantom resists.
The phantom is severely damaged.
The phantom barely misses you.
Unknown command.
You hit the phantom but do no damage.
The phantom is severely damaged.
The phantom hits you.
You hit the phantom.
The phantom is severely damaged.
The phantom hits you.
* * * LOW HITPOINT WARNING * * *
You hit the phantom but do no damage.
The phantom is severely damaged.
The phantom barely misses you.
You hit the phantom but do no damage.
The phantom is severely damaged.
The phantom hits you.
* * * LOW HITPOINT WARNING * * *
You hit the phantom but do no damage.
The phantom is severely damaged.
The phantom hits you!
You die...

#+##########+#
.............#
.............##
.......W......#+##
.......@.........#
.................+
.................#
.................#
...##.....###...##
..
#.....###...#### .
#.......#........
#.......'........
#.......#.≈≈≈≈...


You could see a phantom.

Vanquished Creatures
  A scorpion (D:3)
  An orc priest (D:4)
  An adder (D:3)
  A dart slug (D:2)
  6 orcs
  2 bats
  7 endoplasms
  A giant cockroach (D:1)
  4 goblins
  7 hobgoblins
  2 jackals (D:3)
  3 kobolds
  A quokka (D:1)
  7 ball pythons
  3 frilled lizards
  4 rats
51 creatures vanquished.

Notes
Turn   | Place    | Note
-------+----------+-------------------------------------------
     0 | D:1      | Icepheonix32 the Demonspawn Ice Elementalist began the
                  | quest for the Orb.
     0 | D:1      | Reached XP level 1. HP: 13/13 MP: 3/3
   284 | D:1      | Reached skill level 4 in Ice Magic
   329 | D:1      | Gained mutation: You have a pair of small antennae on your
                  | head. [demonic ancestry]
   329 | D:1      | Reached XP level 2. HP: 14/19 MP: 1/5
   691 | D:2      | Found Bisast's Antique Weapon Boutique.
   802 | D:2      | Found Karud's General Store.
  1425 | D:2      | Found a faded altar of an unknown god.
  1440 | D:2      | Got Plato's Incunabulum of Transmutation
  1615 | D:3      | Reached XP level 3. HP: 24/24 MP: 6/6
  1776 | D:3      | Noticed a scorpion
  1793 | D:3      | Killed a scorpion
  1794 | D:3      | Reached skill level 5 in Ice Magic
  1794 | D:3      | Reached XP level 4. HP: 23/30 MP: 4/8
  2195 | D:3      | Learned a level 3 spell: Ozocubu's Armour
  2199 | D:3      | Learned a level 3 spell: Frozen Ramparts
  2359 | D:3      | Found a sparkling altar of Nemelex Xobeh.
  2543 | D:4      | Noticed a bullfrog
  2584 | D:4      | Reached XP level 5. HP: 11/35 MP: 2/9
  2884 | D:4      | Noticed a phantom
  2907 | D:4      | Gained mutation: You expend magic power (3 MP) to
                  | strengthen your wands. [potion of mutation]
  2907 | D:4      | Gained mutation: You are robust. (+10% HP) [potion of
                  | mutation]
  2907 | D:4      | Gained mutation: You have a pair of antennae on your head.
                  | [potion of mutation]
  2968 | D:4      | Slain by a phantom

Illustrated notes

Levels and vault maps discovered:
D:1:      scummos_arrival_simple_crosswalls, layout_rooms, minmay_tetromino_s2
D:2:      layout_loops_ring, serial_shops, nicolae_shop_behind_doors, shop,
          shapermc_ecumenical_altar_rom_forum
D:3:      layout_rooms, nemelex_diamond_rough_becter, minmay_goblin_outpost
D:4:      layout_gridville, pdpol_temple_overflow_zin_treasury_gozag_greed,
          chequers_serial_rivers_micro_d, kennysheep_generic_room_4

Skill      XL: |  1  2  3  4 |
---------------+-------------+-----
Ice Magic      | 4 5 |  5.3
Spellcasting   | 3 |  3.0
Stealth        | 2 |  2.0
Dodging        | |  1.7

Action                   |  1- 3 |  4- 6 || total
-------------------------+-------+-------++-------
Melee: Unarmed           |    12 |       ||    12
       Dagger            |     6 |    82 ||    88
       Punch             |       |     1 ||     1
 Fire: Shortbow          |       |     5 ||     5
 Cast: Freeze            |    42 |    27 ||    69
       Ozocubu's Armour  |       |     4 ||     4
       Frozen Ramparts   |       |     2 ||     2
  Use: Potion            |     1 |     3 ||     4
       Scroll            |       |     1 ||     1
 Stab: Sleeping          |     1 |       ||     1
Armor: Robe              |     4 |    14 ||    18
       Skin              |       |    33 ||    33
Dodge: Dodged            |    26 |    42 ||    68
